 Dungeon Crawl Stone Soup version 0.18-a0-1643-gb89d9db (webtiles) character file.

69629 hexophile the Stickfighter (level 14, -12/114 HPs)
             Began as a Demonspawn Gladiator on Mar 28, 2016.
             Was the Champion of Makhleb.
             Killed by divine providence
             ... invoked by Saint Roka
              (14 damage)
             ... on level 2 of the Orcish Mines.
             The game lasted 00:43:58 (24533 turns).

hexophile the Stickfighter (Demonspawn Gladiator)  Turns: 24533, Time: 00:43:59

Health: -12/114    AC: 23    Str: 24    XL:     14   Next: 91%
Magic:  21/21      EV:  8    Int: 10    God:    Makhleb [******]
Gold:   1690       SH:  5    Dex: 13    Spells: 0 memorised, 13 levels left

rFire  + . .     SeeInvis .     z - +2 lajatang (vamp)
rCold  . . .     Gourm    .     j - +0 plate armour
rNeg   . . .     Faith    .     (shield currently unavailable)
rPois  .         Spirit   .     (helmet restricted)
rElec  .         Dismiss  .     q - +0 cloak
rCorr  .         Reflect  +     F - +2 pair of gloves
SustAt .         Harm     .     (boots unavailable)
MR     ++...     Clarity  +     v - +5 amulet of reflection
Stlth  ..........               H - ring of protection from magic {MR+}
                                G - +3 ring of strength

@: very slightly contaminated, studying Armour, drained, very resistant to
hostile enchantments, extremely unstealthy
A: horns 1, talons 3, molten scales 3, clarity, powered by pain 2, rot immunity,
subdued magic 1, sturdy frame 1
a: Minor Destruction, Lesser Servant of Makhleb, Major Destruction, Greater
Servant of Makhleb, Renounce Religion


You were on level 2 of the Orcish Mines.
You worshipped Makhleb.
Makhleb was exalted by your worship.
You were not hungry.

You visited 4 branches of the dungeon, and saw 23 of its levels.
You also visited: Labyrinth.

You collected 1690 gold pieces.


Innate Abilities, Weirdness & Mutations

You have claws for feet.
You are completely covered in molten scales (AC +4, EV -1, rF+).
You sometimes gain power by taking damage.
You are immune to rotting.
You have a pair of small horns on your head.
You possess an exceptional clarity of mind.
Your spells are a little easier to cast, but a little less powerful.
Your movements are slightly less encumbered by armour (ER -2).

Inventory:

Hand Weapons
 a - a +0 quarterstaff of flaming
 z - a +2 vampiric lajatang (weapon)
Armour
 c - a +1 helmet
 j - a +0 plate armour (worn)
 q - a +0 cloak (worn)
 F - a +2 pair of gloves (worn)
Jewellery
 h - an uncursed ring of positive energy {unknown}
 v - a +5 amulet of reflection (around neck)
 B - an uncursed amulet of dismissal
 G - a +3 ring of strength (left hand)
 H - a ring of protection from magic (right hand) {MR+}
 L - an uncursed ring of fire {rF+ rC-}
 N - an uncursed amulet of the gourmand {Gourm}
 U - an uncursed ring of stealth {unknown}
 W - an uncursed ring of sustain attributes {unknown}
 Z - an uncursed ring of protection from fire {unknown}
Wands
 k - a wand of lightning (8/15)
 o - a wand of acid (0/15)
 u - a wand of iceblast (0/15)
 M - a wand of paralysis (12/24)
 V - a wand of heal wounds (5/9) {!V}
Scrolls
 d - 3 scrolls of recharging
 e - 6 scrolls of magic mapping
 f - 6 scrolls of noise
 g - 4 scrolls of enchant armour
 l - 10 scrolls of remove curse
 m - 4 scrolls of fear
 n - 5 scrolls of amnesia
 t - 8 scrolls of teleportation
 w - 2 scrolls of immolation
 x - 2 scrolls of blinking
 J - a scroll of fog
 Q - 3 scrolls of identify
Potions
 i - 5 potions of curing
 y - 2 potions of flight
 D - 4 potions of might {Str+5 DMG+1d10}
 E - 2 potions of cancellation {unknown}
 I - 3 potions of brilliance {Archmagi Int+5 Wiz++}
 K - 4 potions of agility {Stlth+ Dex+5 EV+5}
 P - 3 potions of lignification {unknown}
 R - a potion of ambrosia
Books
 p - a book of the Earth

   Spells                             Type                      Level
   a - Leda's Liquefaction            Hexes/Earth                  4
   b - Bolt of Magma                  Conjuration/Fire/Earth       5
   c - Statue Form                    Transmutation/Earth          6
   d - Iron Shot                      Conjuration/Earth            6
   e - Shatter                        Earth                        9
 A - a book of the Dragon

   Spells                             Type                      Level
   a - Flame Tongue                   Conjuration/Fire             1
   b - Cause Fear                     Hexes                        4
   c - Bolt of Fire                   Conjuration/Fire             6
   d - Dragon Form                    Transmutation                7
   e - Dragon's Call                  Summoning                    9
 O - a book of Necromancy

   Spells                             Type                      Level
   a - Pain                           Necromancy                   1
   b - Animate Skeleton               Necromancy                   1
   c - Vampiric Draining              Necromancy                   3
   d - Regeneration                   Charms/Necromancy            3
   e - Animate Dead                   Necromancy                   4
   f - Control Undead                 Necromancy                   4
 S - a manual of
Armour
 X - a book of Envenomations

   Spells                             Type                      Level
   a - Spider Form                    Transmutation/Poison         3
   b - Olgreb's Toxic Radiance        Poison                       4
   c - Alistair's Intoxication        Transmutation/Poison         5
   d - Poisonous Cloud                Conjuration/Poison/Air       6
Comestibles
 r - 7 bread rations
 s - 7 meat rations
 C - 19 fruits
 T - a royal jelly


You had 13 spell levels left.
You didn't know any spells.


   Skills:
 + Level 11.9(11.3) Fighting
 * Level 17.4(16.6) Staves
 - Level 1.7(1.2) Throwing
 * Level 11.5(10.8) Armour
 - Level 2.6(2.1) Dodging
 - Level 10.0(9.3) Invocations

Dungeon Overview and Level Annotations

Branches:
Dungeon (12/15)            Temple (1/1) D:7            Lair (8/8) D:8
  Swamp (0/4) Lair:3        Snake (0/4) Lair:5        Slime (0/6) Lair:8
    Orc (2/2) D:12            Elf (0/3) Orc:2

Altars:
Ashenzari
Cheibriados
Dithmenos
Elyvilon
Fedhas
Gozag
Kikubaaqudgha
Makhleb
Nemelex Xobeh
Okawaru
Pakellas
Qazlal
Ru
Sif Muna
Trog
Vehumet
Xom
Yredelemnul
Zin
The Shining One

Annotations:
D:7 exclusion: ice statue
Orc:2 Nergalle, Saint Roka

Vault maps used:
D:1:      roderic_chinese_lattice_arrival
D:2:      minitemple, uniq_terence
D:3:      elyvilon_altar_4, first_bread
D:4:      grunt_temple_overflow_open, uniq_blork_the_orc
D:5:      roderic_roman_lattice
D:6:      led_sif_pool
D:7:      lemuel_ice_statue, minmay_temple_entry_grid, basic_altar
D:8:      dpeg_lair_monsters
D:9:      uniq_joseph
D:10:     hangedman_stone_soup, uniq_snorg, uniq_maurice
D:11:     uniq_urug
D:12:     orc_0_dummy, hangedman_abyss_or_decor_passed
Temple:   zaba_magenta_temple_12
Lair:1:   beast_lair_carwin_8, lemuel_fruit_fields
Lair:2:   minivault_26
Lair:3:   swamp_mist, grunt_megastairs_1, serial_bayou_shore_b,
          lemuel_fruit_fields, uniq_harold
Lair:5:   guppyfry_snake_entry_island, lab_entry_generic
Lair:6:   special_room, grunt_megastairs_3, lemuel_fruit_fields
Lair:7:   serial_bayou_shore_b
Lair:8:   evilmike_catoblepas_cave, slime_dummy, serial_bayou_shore_b
Orc:1:    uniq_gastronok
Orc:2:    grunt_orc_cross, basic_altar
Lab:      labyrinth_hidden_loot, nicolae_lab_arrow, nicolae_lab_garden,
          nicolae_lab_very_dead_end
You       could see
Saint     Roka, Nergalle, a spectral orc warrior, a spectral orc knight, a
          friendly hellwing and a friendly neqoxec.


Message History

Orcish apparitions take form around you.
You lost 21 HP.
You have now: 65/114 HP.
You barely miss Saint Roka. Your kick misses Saint Roka.
You headbutt Saint Roka, but do no damage.
Saint Roka is moderately wounded.
Saint Roka hits you with an uncursed great sword of protection!!
* * * LOW HITPOINT WARNING * * *
!MASSIVE DAMAGE!
YOU LOST 24 HP!
You have now: 41/114 HP.
You slice Saint Roka!!
You feel better.
Your headbutt misses Saint Roka.
Saint Roka is moderately wounded.
The spectral orc knight hits you but does no damage.
Nergalle casts a spell at you. The bolt of negative energy hits you!
You feel drained.
* * * LOW HITPOINT WARNING * * *
You lost 3 HP.
You have now: 38/114 HP.
Unknown command.
Press: ? - help, v - describe, . - travel, g - get item
Here: Saint Roka, wielding a great sword of protection and wearing a plate armour (moderately wounded) 2 bolts.
There is something else lying underneath.
A stone staircase leading up, spattered with blood.
Unknown command.
Read which item? (? for menu, Esc to quit)
Okay, then.
Evoke which item? (* to show all) (? for menu, Esc to quit)
Okay, then.
You slice Saint Roka!!
You feel better.
You claw Saint Roka, but do no damage. Your headbutt misses Saint Roka.
Saint Roka is heavily wounded.
Nergalle hits you but does no damage.
Saint Roka hits you with an uncursed great sword of protection!!
* * * LOW HITPOINT WARNING * * *
The spectral orc warrior barely misses you. !MASSIVE DAMAGE!
YOU LOST 28 HP!
You have now: 10/114 HP.
Read which item? (? for menu, Esc to quit)
Blink to where?
Press: ? - help, Dir - move target cursor You are very lightly contaminated with residual magic.
As you read the scroll of blinking, it crumbles to dust.
A demon appears!
You feel slightly more hungry.
Saint Roka unwields an uncursed great sword of protection.
Saint Roka wields an uncursed arbalest of velocity.
Saint Roka shoots a bolt.
Your hellwing blocks the bolt.
You lost 4 HP.
You have now: 6/114 HP.
A demon appears!
You feel slightly more hungry.
Saint Roka invokes the aid of Beogh against you.
Beogh smites you!
You die...

Action                   |  1- 3 |  4- 6 |  7- 9 | 10-12 | 13-15 || total
-------------------------+-------+-------+-------+-------+-------++-------
Melee: Quarterstaff      |    91 |   221 |   404 |   523 |       ||  1239
       Lajatang          |       |       |       |   659 |  1022 ||  1681
Throw: Throwing net      |     1 |     7 |       |     1 |       ||     9
Invok: Minor Destruction |       |       |       |    10 |       ||    10
       Lesser Servant of |       |       |       |     3 |    14 ||    17
       Major Destruction |       |       |       |     2 |     5 ||     7
       Greater Servant o |       |       |       |       |     4 ||     4
Evoke: Wand              |       |       |       |    10 |     1 ||    11
  Use: Scroll            |       |    10 |     4 |    15 |     7 ||    36
       Potion            |       |       |    10 |     4 |     3 ||    17
 Stab: Held in net/web   |     2 |     1 |       |     1 |       ||     4
       Invisible         |       |       |     2 |       |       ||     2
  Eat: Chunk             |       |     8 |     5 |    16 |    26 ||    55
       Fruit             |       |       |     4 |       |       ||     4
       Beef jerky        |       |       |     1 |     1 |       ||     2
       Bread ration      |       |       |     1 |     5 |     1 ||     7
       Royal jelly       |       |       |       |     3 |       ||     3
       Pizza             |       |       |       |       |     1 ||     1

Notes
Turn   | Place    | Note
--------------------------------------------------------------
     0 | D:1      | hexophile the Demonspawn Gladiator began the quest for the Orb.
     0 | D:1      | Reached XP level 1. HP: 16/16 MP: 1/1
    79 | D:1      | Reached skill level 3 in Staves
   371 | D:1      | Gained mutation: You have sharp toenails. [demonic ancestry]
   371 | D:1      | Reached XP level 2. HP: 22/22 MP: 2/2
   608 | D:2      | Noticed Terence
   625 | D:2      | Killed Terence
   625 | D:2      | Reached skill level 4 in Staves
   625 | D:2      | Gained mutation: You are immune to rotting. [demonic ancestry]
   625 | D:2      | Reached XP level 3. HP: 27/27 MP: 3/3
   925 | D:2      | Found a glowing golden altar of the Shining One.
   927 | D:2      | Found a deep blue altar of Sif Muna.
   936 | D:2      | Found a sacrificial altar of Ru.
   976 | D:2      | Reached XP level 4. HP: 26/33 MP: 4/4
  1498 | D:2      | Reached skill level 5 in Staves
  1874 | D:2      | Reached XP level 5. HP: 35/38 MP: 5/5
  2249 | D:3      | Noticed an ogre
  2266 | D:3      | Killed an ogre
  2266 | D:3      | Reached skill level 6 in Staves
  2516 | D:3      | Found a white marble altar of Elyvilon.
  2592 | D:4      | Noticed a phantom
  2604 | D:4      | Reached XP level 6. HP: 39/44 MP: 6/6
  2846 | D:4      | Found a radiant altar of Vehumet.
  2849 | D:4      | Found a sparkling altar of Nemelex Xobeh.
  2849 | D:4      | Found a blossoming altar of Fedhas.
  2850 | D:4      | Found a glowing silver altar of Zin.
  3001 | D:4      | Noticed Blork the orc
  3017 | D:4      | Killed Blork the orc
  3017 | D:4      | Reached skill level 7 in Staves
  3376 | D:5      | Entered Level 5 of the Dungeon
  3395 | D:5      | Gained mutation: You sometimes gain a little power by taking damage. [demonic ancestry]
  3395 | D:5      | Reached XP level 7. HP: 30/50 MP: 7/7
  3884 | D:5      | Reached skill level 8 in Staves
  4440 | D:5      | Got a crystal falchion
  4442 | D:5      | Identified the cursed +1 falchion "Xebbeq" {drain, Str+3} (You found it on level 5 of the Dungeon)
  4864 | D:5      | Reached skill level 9 in Staves
  4864 | D:5      | Gained mutation: You are partially covered in molten scales (AC +1). [demonic ancestry]
  4864 | D:5      | Reached XP level 8. HP: 45/56 MP: 8/8
  5403 | D:6      | Noticed hexophile's ghost (novice DsGl)
  5611 | D:7      | Reached skill level 10 in Staves
  6219 | D:8      | Reached skill level 14 in Staves
  6219 | D:8      | Gained mutation: You have razor-sharp toenails. [demonic ancestry]
  6219 | D:8      | Reached XP level 9. HP: 13/61 MP: 9/9
  6478 | D:7      | Gained mutation: You are mostly covered in molten scales (AC +3, EV -1). [demonic ancestry]
  6478 | D:7      | Reached XP level 10. HP: 57/68 MP: 10/10
  6490 | D:7      | Found a staircase to the Ecumenical Temple.
  6544 | Temple   | Entered the Ecumenical Temple
  6613 | Temple   | Became a worshipper of Makhleb the Destroyer
  6757 | D:7      | Reached skill level 3 in Fighting
  6805 | D:7      | Found a glowing golden altar of the Shining One.
  6806 | D:7      | Noticed an ice statue
  6922 | D:7      | Reached skill level 1 in Invocations
  7096 | D:8      | Reached skill level 2 in Invocations
  7105 | D:8      | Reached skill level 3 in Invocations
  7118 | D:8      | Reached skill level 4 in Invocations
  7307 | D:8      | Found a staircase to the Lair.
  7343 | D:8      | Reached skill level 5 in Invocations
  7546 | D:8      | Reached * piety under Makhleb
  7818 | D:8      | Reached skill level 6 in Invocations
  8503 | D:8      | Reached skill level 7 in Invocations
  8874 | D:9      | Reached ** piety under Makhleb
  8919 | D:9      | Noticed Joseph
  8935 | D:9      | Killed Joseph
  8935 | D:9      | Reached skill level 4 in Fighting
  9162 | D:9      | Reached skill level 8 in Invocations
  9761 | D:9      | Reached XP level 11. HP: 45/78 MP: 17/17
  9806 | D:9      | Reached *** piety under Makhleb
 10309 | D:10     | Entered Level 10 of the Dungeon
 10320 | D:10     | Reached skill level 5 in Fighting
 10654 | D:10     | Noticed Maurice
 10657 | D:9      | Reached skill level 9 in Invocations
 10683 | D:9      | Killed Maurice
 11047 | D:10     | Reached **** piety under Makhleb
 11118 | D:10     | Noticed a deep elf mage
 11124 | D:10     | Killed a deep elf mage
 11124 | D:10     | Reached skill level 6 in Fighting
 11181 | D:10     | Reached skill level 10 in Invocations
 11211 | D:10     | Reached skill level 1 in Armour
 11252 | D:10     | Noticed Snorg
 11264 | D:10     | Killed Snorg
 11264 | D:10     | Reached skill level 3 in Armour
 11664 | D:11     | Noticed a hill giant
 11670 | D:11     | Killed a hill giant
 11692 | D:11     | Reached skill level 4 in Armour
 12126 | D:11     | Noticed Urug
 12152 | D:11     | Killed Urug
 12152 | D:11     | Reached skill level 5 in Armour
 12644 | Lair:1   | Entered Level 1 of the Lair of Beasts
 12897 | Lair:1   | Reached ***** piety under Makhleb
 12897 | Lair:1   | Reached skill level 6 in Armour
 13506 | Lair:1   | Gained mutation: You sometimes gain power by taking damage. [demonic ancestry]
 13506 | Lair:1   | Reached XP level 12. HP: 74/88 MP: 19/19
 13513 | Lair:1   | Reached skill level 7 in Armour
 14695 | Lair:2   | Reached skill level 7 in Fighting
 14701 | Lair:2   | Reached skill level 8 in Armour
 15097 | Lair:3   | Identified a scroll of acquirement
 15100 | Lair:3   | Got a crude arbalest
 15103 | Lair:3   | Identified the +8 arbalest "Haolyev" {velocity, Dex+4} (You acquired it on level 3 of the Lair of Beasts)
 15215 | Lair:3   | Reached skill level 8 in Fighting
 15305 | Lair:3   | Noticed Harold
 15325 | Lair:3   | Killed Harold
 15325 | Lair:3   | Reached skill level 9 in Armour
 15416 | Lair:3   | Found a staircase to the Swamp.
 15844 | Lair:4   | Reached ****** piety under Makhleb
 15897 | Lair:4   | Reached skill level 9 in Fighting
 16308 | Lair:4   | Noticed an eight-headed hydra
 16379 | Lair:5   | Found a labyrinth entrance.
 16396 | Lab      | Entered a labyrinth
 17113 | Lab      | Noticed a minotaur
 17122 | Lab      | Killed a minotaur
 17148 | Lab      | Gained mutation: You have claws for feet. [demonic ancestry]
 17148 | Lab      | Reached XP level 13. HP: 101/101 MP: 20/20
 17355 | Lair:5   | Reached skill level 10 in Armour
 17471 | Lair:5   | Found a staircase to the Snake Pit.
 17727 | Lair:5   | Reached skill level 10 in Fighting
 18759 | Lair:6   | Reached skill level 15 in Staves
 19657 | Lair:7   | Reached skill level 16 in Staves
 19843 | Lair:7   | Gained mutation: You are completely covered in molten scales (AC +4, EV -1, rF+). [demonic ancestry]
 19843 | Lair:7   | Reached XP level 14. HP: 111/111 MP: 21/21
 20687 | Lair:8   | Entered Level 8 of the Lair of Beasts
 20738 | Lair:8   | Found a staircase to the Slime Pits.
 20752 | Lair:8   | Reached skill level 11 in Fighting
 21235 | Lair:8   | Reached skill level 17 in Staves
 22516 | D:6      | Killed hexophile's ghost
 22534 | D:6      | Found a deep blue altar of Sif Muna.
 22651 | D:6      | Gained mutation: You have a pair of small horns on your head. [mutagenic meat]
 22652 | D:6      | Gained mutation: You are clumsy. (Dex -2) [mutagenic meat]
 22653 | D:6      | Lost mutation: You are clumsy. (Dex -2) [mutagenic meat]
 22654 | D:6      | Gained mutation: Your movements are slightly less encumbered by armour (ER -2). [mutagenic meat]
 22655 | D:6      | Gained mutation: You possess an exceptional clarity of mind. [mutagenic meat]
 22656 | D:6      | Gained mutation: Your spells are a little easier to cast, but a little less powerful. [mutagenic meat]
 22874 | D:12     | Found a staircase to the Orcish Mines.
 23145 | D:12     | Reached skill level 11 in Armour
 23788 | Orc:1    | Entered Level 1 of the Orcish Mines
 24070 | Orc:2    | Entered Level 2 of the Orcish Mines
 24093 | Orc:2    | Found a staircase to the Elven Halls.
 24112 | Orc:2    | Noticed Saint Roka
 24131 | Orc:2    | Noticed Nergalle
 24533 | Orc:2    | Killed from afar by Saint Roka

Table legend:
 A = Turns spent in this place as a percentage of turns spent in the entire game.
 B = Non-inter-level travel turns spent in this place as a percentage of non-inter-level travel turns spent in the entire game.
 C = Inter-level travel turns spent in this place as a percentage of turns spent in this place.
 D = Turns resting spent in this place as a percentage of non-inter-level travel turns spent in this place.
 E = Turns spent auto-exploring this place as a percentage of non-inter-level travel turns spent in this place.
 F = Non-inter-level travel turns spent in this place divided by the number of levels of this place that you've seen.
                   A       B       C       D       E      F
               +-------+-------+-------+-------+-------+----------------------
         Total | 100.0 | 100.0 |   0.5 |   3.2 |   7.2 | 323.8
       Dungeon |  51.0 |  50.9 |   0.8 |   4.1 |   8.1 | 329.5
        Temple |   0.6 |   0.6 |   0.0 |   0.0 |   2.1 |  48.0
          Lair |  39.7 |  39.8 |   0.3 |   2.0 |   6.8 | 386.9
  Orcish Mines |   3.8 |   3.8 |   0.3 |   5.1 |   7.8 | 147.5
     Labyrinth |   4.8 |   4.9 |   0.0 |   2.6 |   0.0 | 378.0
               +-------+-------+-------+-------+-------+----------------------

Table legend:
 A = Kills in this place as a percentage of kills in entire the game.
 B = Kills by you in this place as a percentage of kills by you in the entire game.
 C = Kills by friends in this place as a percentage of kills by friends in the entire game.
 D = Other kills in this place as a percentage of other kills in the entire game.
 E = Experience gained in this place as a percentage of experience gained in the entire game.
 F = Experience gained in this place divided by the number of levels of this place that you have seen.
                   A       B       C       D       E      F
               +-------+-------+-------+-------+-------+----------------------
         Total | 100.0 | 100.0 | 100.0 | 100.0 | 100.0 | 4034.5
       Dungeon |  47.7 |  49.6 |   6.7 |   0.0 |  21.6 | 1741.3
          Lair |  45.6 |  43.6 |  90.0 | 100.0 |  71.8 | 8690.2
  Orcish Mines |   6.1 |   6.2 |   3.3 |   0.0 |   5.2 | 2506.5
     Labyrinth |   0.6 |   0.6 |   0.0 |   0.0 |   1.4 | 1398.0
               +-------+-------+-------+-------+-------+----------------------

Vanquished Creatures
  Snorg (D:10)
  A minotaur (Lab)
  A hydra (Lair:6)
  Harold (Lair:3)
  2 catoblepae (Lair:8)
  Urug (D:11)
  10 death yaks (Lair:8)
  An orc high priest (Orc:2)
  A fire crab (Lair:5)
  An unseen horror (D:12)
  A hill giant (D:11)
  A deep elf mage (D:10)
  4 griffons
  An ugly thing (D:12)
  A cyclops (Orc:1)
  2 orc sorcerers (Orc:2)
  Joseph (D:9)
  5 black mambas
  23 elephants
  14 spiny frogs
  Maurice (D:9)
  The ghost of hexophile the Twirler, a novice DsGl of Cheibriados (D:6)
  8 rime drakes
  8 komodo dragons
  A minotaur zombie (Lab)
  A merfolk (D:10)
  4 trolls
  25 blink frogs
  A two-headed ogre (D:11)
  2 boulder beetles (Lair:5)
  2 redbacks (Lab)
  A wraith (D:12)
  A shadow (D:11)
  37 yaks
  3 wyverns (Lair:6)
  A human (D:10)
  2 hungry ghosts
  2 basilisks (Lair:6)
  13 hippogriffs
  A mottled dragon (D:11)
  A soldier ant (D:10)
  3 nagas (Lair:5)
  A hell hound (Lair:6)
  7 porcupines
  10 water moccasins
  4 ice beasts
  2 sky beasts
  2 wasps
  3 black bears
  16 orc warriors
  2 phantoms
  A necrophage (D:10)
  10 wolves
  2 eyes of draining
  5 ogres
  7 centaurs
  21 crocodiles
  4 big kobolds
  Blork the orc (D:4)
  16 giant frogs
  5 scorpions
  11 killer bees
  15 wights
  7 howler monkeys
  7 crimson imps
  A wasp zombie (D:7)
  2 giant frog zombies
  6 jellies
  5 giant frog skeletons
  10 orc priests
  5 hounds
  11 orc wizards
  2 centaur skeletons
  Terence (D:2)
  7 iguanas
  11 worker ants
  A killer bee zombie (D:7)
  15 sheep
  2 hound zombies
  3 hound skeletons
  3 howler monkey skeletons
  7 gnolls
  68 river rats
  17 adders
  An adder zombie (D:7)
  An adder skeleton (D:7)
  A worm (D:2)
  2 dart slugs
  8 giant geckos
  65 orcs
  4 giant cockroaches
  4 goblins
  8 hobgoblins
  10 jackals
  25 kobolds
  6 quokkas
  2 ball pythons
  A bat (D:1)
  6 giant newts
  5 rats
677 creatures vanquished.

Vanquished Creatures (collateral kills)
  5 hydras (Lair:7)
  2 catoblepae
  A death yak (Lair:8)
  A griffon (Lair:6)
  A manticore (Lair:6)
  A blink frog (Lair:7)
  3 wyverns (Lair:6)
  3 hippogriffs (Lair:6)
  3 yaks
  A steam dragon (Lair:6)
  A basilisk (Lair:6)
  A warg (Orc:2)
  An ogre (D:11)
  A wolf (Lair:7)
  2 sheep (Lair:8)
  2 river rats (Lair:6)
  A kobold (D:11)
  5 fungi
  2 plants (Lair:7)
37 creatures vanquished.

Vanquished Creatures (others)
  A spiny frog (Lair:5)
  A quokka (D:9)
  A rat (D:3)
  10 fungi
  7 plants
20 creatures vanquished.

Grand Total: 734 creatures vanquished
